Map: Submarine LE

Players

Heeebster - Winner!

  • Race: Protoss Protoss
  • League: Diamond
  • Spawn Location: 5:00

Castillo

  • Race: Terran Terran
  • League: Diamond
  • Spawn Location: 11:00

VOD

Have the link to the VOD?

Description

Time

  • Played on: Nov. 16, 2020, 12:02 p.m.
  • Length: 5:09
Show
View Real Time Build Order
Export as new Build Order

Heeebster Protoss - Winner!

Build Orders: Oracle Opening 

Get SALT Encoding   

  12  0:00  Probe  
  13  0:14  Pylon  
  13  0:18  Probe  
  14  0:30  Probe (Chrono Boost)  
  15  0:37  Gateway  
  15  0:42  Probe (Chrono Boost)  
  16  0:47  Assimilator  
  16  0:51  Probe (Chrono Boost)  
  16  0:53  Assimilator  
  16  0:56  Probe  
  18  1:08  Probe  
  19  1:25  Cybernetics Core  
  19  1:30  Pylon  
  19  1:32  Probe  
  20  1:44  Probe  
  21  1:56  Probe  
  21  1:59  Stalker (Chrono Boost)  
  22  2:02  Warp Gate  
  22  2:07  Stargate  
  25  2:08  Probe  
  25  2:22  Stalker  
  27  2:30  Pylon  
  27  2:50  Gateway  
  30  3:02  Pylon  
  30  3:04  Pylon  
  30  3:20  Oracle (Chrono Boost)  
  30  3:30  Gateway  
  30  3:31  Gateway  
  30  3:36  Pylon  
  30  3:48  Void Ray  
  32  3:57  Stalker x2  
  31  4:22  Stalker x2  
  35  4:27  Stalker x2  
  37  4:54  Stalker x4  
Show
View Real Time Build Order
Export as new Build Order

Castillo Terran 

Build Orders:  

Get SALT Encoding   

  12  0:00  SCV  
  13  0:12  SCV  
  14  0:18  Supply Depot  
  14  0:24  SCV  
  15  0:39  SCV  
  15  0:41  Barracks  
  16  0:46  Refinery  
  16  0:51  SCV  
  17  1:04  SCV  
  18  1:18  SCV  
  19  1:19  Supply Depot  
  19  1:31  Marine  
  19  1:32  Orbital Command  
  20  1:33  Refinery  
  20  1:49  Barracks Tech Lab  
  20  2:00  SCV  
  21  2:03  Factory  
  23  2:08  Marauder  
  23  2:12  SCV  
  23  2:13  Concussive Shells  
  24  2:17  Supply Depot  
  24  2:24  SCV  
  25  2:31  Marauder  
  25  2:36  SCV  
  28  2:43  Supply Depot  
  28  2:47  Starport  
  28  2:48  Hellion  
  30  2:52  SCV  
  30  2:57  Marauder  
  30  3:18  SCV  
  30  3:19  Marauder  
  35  3:25  Hellion  
  35  3:26  Viking  
  35  3:30  SCV  
  36  3:37  Supply Depot  
  36  3:42  SCV  
  36  3:48  Marauder  
  37  3:52  Hellion  
  37  3:55  SCV  
  40  3:59  Medivac  
  42  4:07  SCV  
  41  4:13  Hellion  
  41  4:17  Marauder  
  43  4:34  Hellion  
Tags
 
Matchup
PvT
Replay Pack
Replays
Spawn Locations
Cross Positions
Add a new tag
Caveats
  • Supply blocks, unpowered buildings, or Contaminate may cause inaccurate times.
  • Supply counts are checked every 10 seconds.